Map: Cerulean Fall LE

Players

Murena - Winner!

  • Race: Terran Terran
  • Spawn Location: 7:00

A.I. 1 (Elite)

  • Race: Terran Terran
  • Spawn Location: 1:00

VOD

Have the link to the VOD?

Description

Time

  • Played on: Dec. 15, 2018, 6:51 p.m.
  • Length: 9:12
Show
View Real Time Build Order
Export as new Build Order

Murena Terran - Winner!

Build Orders:  

Get SALT Encoding   

  12  0:01  SCV  
  13  0:15  Supply Depot  
  13  0:18  SCV  
  14  0:30  SCV  
  15  0:39  Barracks  
  15  0:42  SCV  
  16  0:54  Barracks  
  16  0:56  SCV  
  17  1:07  Refinery  
  17  1:08  SCV  
  18  1:20  SCV  
  19  1:26  Supply Depot  
  19  1:28  Marine  
  20  1:35  SCV  
  21  1:41  Marine  
  22  1:47  SCV  
  22  1:49  Marine  
  24  1:55  Refinery  
  24  1:59  Marine  
  25  2:07  Supply Depot  
  25  2:10  Marine  
  25  2:15  Factory  
  26  2:18  SCV  
  26  2:22  Barracks Tech Lab  
  27  2:32  Barracks Reactor  
  27  2:35  Orbital Command  
  27  2:43  Marauder  
  29  2:52  Concussive Shells  
  29  3:02  SCV  
  30  3:06  Hellion  
  30  3:07  Marauder  
  30  3:10  Marine x2  
  36  3:14  Supply Depot  
  36  3:24  SCV  
  37  3:30  Factory Tech Lab  
  37  3:37  Marauder  
  37  3:38  Marine x2  
  37  3:41  SCV  
  42  3:52  Command Center  
  42  3:58  Engineering Bay  
  42  4:06  SCV  
  43  4:10  Siege Tank  
  43  4:13  Marine  
  47  4:19  Marauder  
  47  4:20  Supply Depot  
  43  4:28  Marine  
  39  4:41  Marauder  
  39  4:44  Marine  
  38  4:57  Marine  
  38  4:59  SCV  
  40  5:01  Siege Tank  
  40  5:02  Marauder, Marine  
  46  5:07  Starport  
  46  5:10  Missile Turret  
  46  5:12  SCV  
  47  5:14  Terran Infantry Armor Level 1  
  47  5:15  Combat Shield  
  47  5:24  SCV  
  47  5:27  SCV  
  49  5:30  Bunker  
  49  5:36  SCV  
  49  5:39  SCV  
  49  5:41  Marauder  
  49  5:42  Marine x2  
  55  5:54  Medivac  
  57  5:59  Marine  
  57  6:00  Orbital Command  
  57  6:02  Marauder  
  60  6:10  Widow Mine  
  62  6:13  SCV  
  63  6:31  SCV x2  
  65  6:40  Starport Reactor  
  65  6:41  Siege Tank  
  65  6:43  Marauder  
  65  6:44  Command Center  
  70  6:48  Supply Depot  
  70  7:09  SCV x2, Marine  
  72  7:17  Marine x2  
  72  7:21  SCV  
  71  7:27  Marine  
  72  7:36  Marauder  
  74  7:42  Medivac x2  
  78  7:52  Supply Depot  
  78  7:53  Supply Depot  
  78  7:54  Supply Depot  
  78  7:55  Supply Depot, SCV x2  
  78  7:56  Missile Turret  
  78  7:57  Marauder  
  82  7:59  Refinery  
  82  8:00  Refinery, SCV  
  83  8:08  SCV x2  
  83  8:12  SCV  
  82  8:19  Marauder  
  84  8:31  Marine x2  
  84  8:40  Marauder  
  86  8:44  SCV x2  
  88  8:49  Marine  
  88  8:50  Barracks  
  88  8:51  Barracks x2  
  88  8:53  Barracks  
  88  8:56  SCV  
Show
View Real Time Build Order
Export as new Build Order

A.I. 1 (Elite) Terran 

Build Orders:  

Get SALT Encoding   

  12  0:00  SCV  
  13  0:13  SCV  
  14  0:18  Supply Depot  
  14  0:25  SCV  
  15  0:40  SCV  
  16  0:44  Barracks  
  16  0:52  SCV  
  17  1:04  SCV  
  18  1:16  SCV  
  19  1:20  Command Center  
  19  1:34  Orbital Command, Marine  
  20  1:48  Supply Depot  
  20  1:51  Marine  
  20  1:52  Refinery  
  21  2:00  SCV  
  22  2:09  Marine  
  22  2:11  Barracks  
  22  2:12  SCV  
  24  2:16  Refinery  
  24  2:24  SCV  
  24  2:27  Marine  
  26  2:32  Supply Depot  
  26  2:36  SCV  
  27  2:43  Orbital Command  
  27  2:45  Marine  
  27  2:49  SCV  
  29  3:01  Factory, SCV  
  29  3:04  Marine  
  29  3:05  Marine  
  31  3:09  SCV  
  33  3:13  SCV  
  34  3:21  SCV  
  34  3:22  Marine  
  34  3:23  Marine  
  34  3:25  SCV  
  38  3:33  SCV  
  39  3:37  SCV  
  39  3:40  Marine  
  39  3:41  Marine  
  42  3:45  SCV  
  42  3:46  Starport, Factory Tech Lab  
  42  3:49  SCV  
  42  3:53  Supply Depot  
  43  3:57  SCV  
  43  3:58  Marine  
  43  3:59  Marine  
  43  4:02  SCV  
  47  4:08  Siege Tank  
  47  4:09  SCV  
  51  4:13  Supply Depot  
  51  4:14  SCV  
  51  4:15  Marine  
  51  4:16  Marine  
  54  4:21  SCV  
  51  4:24  Starport Tech Lab  
  51  4:26  SCV  
  51  4:33  Supply Depot, SCV, Marine  
  51  4:34  Marine  
  51  4:38  SCV  
  55  4:40  Siege Tank  
  58  4:45  SCV  
  58  4:46  Armory  
  58  4:51  Marine  
  58  4:52  Marine  
  59  4:53  SCV  
  59  4:56  Fusion Core  
  59  4:57  SCV  
  61  5:04  Supply Depot  
  61  5:05  SCV  
  62  5:09  Marine  
  62  5:10  SCV, Marine  
  65  5:14  Supply Depot  
  65  5:17  SCV  
  66  5:21  Viking  
  66  5:22  SCV  
  66  5:23  Barracks  
  66  5:27  Marine  
  66  5:28  Marine  
  71  5:29  Refinery, SCV  
  71  5:31  Refinery  
  71  5:34  SCV  
  73  5:44  Marine  
  73  5:45  Starport  
  74  5:51  Viking  
  74  5:52  Command Center  
  74  5:53  SCV  
  74  5:54  SCV  
  78  6:02  Barracks Tech Lab  
  78  6:21  Viking, Combat Shield  
  78  6:23  Starport Reactor  
  80  6:30  Engineering Bay  
  80  6:34  Engineering Bay  
  80  6:46  Marauder  
  82  6:47  Supply Depot  
  82  6:51  Viking  
  84  6:56  Terran Infantry Weapons Level 1  
  84  6:57  Missile Turret  
  84  6:58  Viking  
  84  7:00  Missile Turret  
  86  7:01  Viking  
  86  7:05  SCV x2  
  86  7:07  Marauder  
  93  7:13  Supply Depot  
  83  7:17  SCV x2  
  83  7:21  Viking  
  73  7:28  Viking  
  73  7:29  Marauder, SCV, Marine  
  76  7:30  SCV  
  76  7:31  Viking  
  77  7:41  SCV  
  76  7:50  Marauder  
  73  7:51  Viking, Marine  
  73  7:53  SCV  
  73  7:54  Supply Depot  
  73  7:57  Marine  
  74  7:58  Viking  
  74  8:05  SCV  
  74  8:11  Marauder  
  68  8:15  Viking  
  68  8:17  SCV  
  61  8:29  SCV, Viking  
  61  8:33  Marauder  
  46  8:47  SCV, Marine x2  
Tags
 
Matchup
TvT
Race
Terran
Spawn Locations
Cross Positions
Add a new tag
Caveats
  • Supply blocks, unpowered buildings, or Contaminate may cause inaccurate times.
  • Supply counts are checked every 10 seconds.